 Dungeon Crawl Stone Soup version 0.32-a0-558-g233958a4c4 (webtiles) character file.

Game seed: 14545686946080105600

140 Alarak the Trooper (level 5, -18/46 HPs)
             Began as a Barachi Hunter on Feb 29, 2024.
             Demolished by an ogre
             ... wielding a +0 giant spiked club
              (30 damage)
             ... on level 3 of the Dungeon.
             The game lasted 00:07:19 (2368 turns).

Alarak the Trooper (Barachi Hunter)                 Turns: 2368, Time: 00:07:20

Health: -18/46     AC:  3    Str: 13    XL:     5   Next: 22%
Magic:  5/5        EV: 12    Int:  9    God:
Gold:   224        SH:  0    Dex: 17    Spells: 4/4 levels left

rFire   . . .        a - +0 shortbow (freeze)
rCold   . . .        (shield currently unavailable)
rNeg    + . .        c - +0 leather armour
rPois   .            (no helmet)
rElec   .            (no cloak)
rCorr   .            (no gloves)
SInv    +            (no boots)
Will    .....        e - amulet of magic regeneration
Stlth   ++           h - ring of positive energy
HPRegen 0.27/turn    m - ring of see invisible
MPRegen 0.49/turn

%: no passive effects
@: unable to hop, slow
A: amphibious, slowness 1, strong legs 1, +LOS
a: Hop


You were on level 3 of the Dungeon.
You visited 1 branch of the dungeon, and saw 4 of its levels.

You collected 224 gold pieces.

Inventory:

Hand Weapons
 a - a +0 shortbow of freezing (weapon)
Armour
 c - a +0 leather armour (worn)
 i - a +0 ring mail
Jewellery
 e - an amulet of magic regeneration (around neck)
 h - a ring of positive energy (left hand)
 m - a ring of see invisible (right hand)
Scrolls
 b - a scroll of butterflies
Potions
 d - 3 potions of curing
 f - 4 potions of enlightenment
 g - 2 potions of mutation
 j - a potion of lignification
 k - 3 potions of haste
 n - a potion of invisibility


   Skills:
 - Level 6.1 Fighting
 - Level 4.0 Ranged Weapons
 + Level 1.2 Armour
 - Level 2.1 Dodging
 - Level 0.8 Stealth


You had 4 spell levels left.
You didn't know any spells.
Your spell library contained the following spells:

 Spells                   Type           Power      Damage    Failure   Level
 Sting                    Conj/Alch      0%         1d3       45%         1
 Ensorcelled Hibernation  Hex/Ice        0%         N/A       61%         2
 Mercury Vapours          Alch/Air       0%         N/A       61%         2
 Inner Flame              Hex/Fire       0%         N/A       83%         3
 Summon Ice Beast         Ice/Summ       0%         N/A       83%         3
 Olgreb's Toxic Radiance  Alch           0%         N/A       99%         4


Dungeon Overview and Level Annotations

Branches:
Dungeon (4/15)
 Temple: D:4-7

Altars:
Vehumet

Annotations:
D:3 3 runed translucent doors, 1Anon's ghost, amateur GnSu


Innate Abilities, Weirdness & Mutations

You are amphibious.
You cover ground slowly.
You can hop short distances.
You have an extended range of vision and can be seen from far away.


Message History

The orc shouts!
The goblin shouts!
You shoot an arrow. The arrow barely misses the orc.
The ogre shouts!
The arrow hits the ogre.
The arrow freezes the ogre.
The ogre is lightly wounded.
A ball python comes into view.
The ball python moves out of view.
You shoot an arrow.
The arrow hits the orc but does no damage.
A kobold comes into view. It is wielding a +0 whip.
You shoot an arrow. The kobold shouts!
The arrow hits the orc.
The arrow freezes the orc.
The orc is heavily wounded.
You shoot an arrow. The arrow hits the orc.
The arrow freezes the orc.
You kill the orc!
Found a stone staircase leading down.
Hop to where?
Press: ? - help, Q - select action, (/) - cycle Dir - move target Boing!
The ball python hisses angrily.
The kobold closely misses you.
There is a stone staircase leading up here.
The kobold closely misses you.
The ogre hits you with a +0 giant spiked club!!
Ouch! That really hurt!
* * * LOW HITPOINT WARNING * * *
You climb upwards.
Level annotation: 3 runed translucent doors, 1Anon's ghost, amateur GnSu
There is a stone staircase leading down here.
As you read the scroll of butterflies, it crumbles to dust.
You hear the flapping of tiny wings.
The kobold is knocked back by the sudden gust.
The ogre is knocked back by the sudden gust.
The kobold misses your butterfly.
You can't go up here!
The kobold barely misses your butterfly.
The ogre hits you with a +0 giant spiked club!!
Ouch! That really hurt!
You die...

#.# #......... #.#
#......(..
#.#########
#......รท..
#.....(...#
#.........
#########.#
#......... #.#
####'##...
###b#######.##...
##Ob..............
#@.bKbb..........#
######.#####..####
#.#...#..<#
#.#.#.#.#.#
#.#.#.#.#.#
#.#.#<#.#.###
#.#.###.#....
#.#.....####.
#)####### #.


You could see an ogre (ally target) and a kobold (ally target).

Vanquished Creatures
  Jessica (D:2)
  5 adders
  2 dart slugs (D:1)
  3 ribbon worms
  2 orcs
  5 ball pythons
  4 endoplasms
  5 giant cockroaches
  3 hobgoblins
  3 jackals (D:1)
  7 quokkas
  7 bats
  4 frilled lizards
  2 goblins
  4 kobolds
  A rat (D:2)
58 creatures vanquished.

Notes
Turn   | Place    | Note
-------+----------+-------------------------------------------
     0 | D:1      | Alarak the Barachi Hunter began the quest for the Orb.
     0 | D:1      | Reached XP level 1. HP: 17/17 MP: 1/1
   173 | D:1      | Reached skill level 3 in Fighting
   178 | D:1      | Reached XP level 2. HP: 24/24 MP: 2/2
   447 | D:1      | Reached skill level 4 in Fighting
   500 | D:1      | Reached XP level 3. HP: 30/30 MP: 3/3
   939 | D:2      | Noticed Jessica
   942 | D:2      | Killed Jessica
   943 | D:2      | Reached skill level 5 in Fighting
   943 | D:2      | Reached XP level 4. HP: 39/39 MP: 4/4
  1027 | D:2      | Found a faded altar of an unknown god.
  1369 | D:2      | Found a radiant altar of Vehumet.
  1644 | D:3      | Noticed 1Anon's ghost (amateur GnSu)
  1653 | D:3      | Found a runed translucent gate.
  1653 | D:3      | Found a runed translucent gate.
  1653 | D:3      | Found a runed translucent gate.
  1898 | D:3      | Reached skill level 6 in Fighting
  1936 | D:3      | Reached XP level 5. HP: 26/46 MP: 5/5
  2139 | D:3      | Reached skill level 1 in Armour
  2264 | D:4      | Got the Folio of Hypothermia and the Volcano
  2354 | D:4      | Noticed an ogre
  2368 | D:3      | Demolished by an ogre

Illustrated notes

Levels and vault maps discovered:
D:1:      amcnicky_arrival_gap_in_the_tavern_cellar, layout_basic,
          minmay_tripent
D:2:      layout_loops_ring, basic_altar, shapermc_ecumenical_altar_pompeii,
          uniq_jessica
D:3:      layout_basic, gammafunk_ghost_split
D:4:      nicolae_cairo_tiling_very_big, layout_loops_corners,
          mainiacjoe_overflow_brackets, mainiacjoe_overflow_cross_hatched,
          serial_bayou_pond_b, uniq_natasha, uniq_eustachio

Skill      XL: |  1  2  3  4  5 |
---------------+----------------+-----
Fighting       | 3 4 5 6 |  6.1
Armour         | 1 |  1.2
Ranged Weapons | |  4.0
Dodging        | |  2.1
Stealth        | |  0.8

Action                     |  1- 3 |  4- 6 || total
---------------------------+-------+-------++-------
   Fire: Shortbow          |    82 |   106 ||   188
Ability: Hop               |     2 |     5 ||     7
    Use: Scroll            |     2 |     6 ||     8
 Armour: Leather armour    |    17 |    32 ||    49
  Dodge: Dodged            |    36 |    30 ||    66

Table legend: (Time is in decaauts)
 A = Elapsed time spent in this place.
 B = Non-inter-level travel time spent in this place.
 C = Inter-level travel time spent in this place.
 D = Time resting spent in this place.
 E = Time spent auto-exploring this place.
 F = Levels seen in this place.
 G = Mean time per level.
                   A        B        C        D        E       F      G
               +--------+--------+--------+--------+--------+-----+--------+
         Total |   2759 |   2690 |     69 |    337 |   1961 |   4 |  689.8 |
       Dungeon |   2759 |   2690 |     69 |    337 |   1961 |   4 |  689.8 |
               +--------+--------+--------+--------+--------+-----+--------+

Top non-repeatable levels by time:
     D:1: 1009 daAuts
     D:2: 863 daAuts
     D:3: 758 daAuts
     D:4: 128 daAuts
